 Dungeon Crawl Stone Soup version 0.24.0-35-gdb84b6a5db (webtiles) character file.

Game seed: 10781685655516491861, levelgen mode: deterministic

16 Iamsoldier the Magician (level 2, -2/20 HPs)
             Began as a Gnoll Wizard on Nov 20, 2019.
             Slain by Sigmund
             ... wielding a +0 scythe
              (9 damage)
             ... on level 2 of the Dungeon.
             The game lasted 00:03:36 (837 turns).

Iamsoldier the Magician (Gnoll Wizard)               Turns: 837, Time: 00:03:36

Health: -2/20      AC:  5    Str:  9    XL:     2   Next: 58%
Magic:  2/10       EV: 13    Int: 20    God:
Gold:   57         SH:  0    Dex: 13    Spells: 12/15 levels left

rFire    . . .     SeeInvis .   a - +0 short sword
rCold    . . .     Gourm    .   (no shield)
rNeg     . . .     Faith    .   g - +2 leather armour {MR+}
rPois    .         Spirit   .   j - +0 hat
rElec    .         Reflect  .   (no cloak)
rCorr    .         Harm     .   (no gloves)
MR       +....                  (no boots)
Stlth    ++........             (no amulet)
HPRegen  0.06/turn              (no ring)
MPRegen  0.12/turn              (no ring)

@: no status effects
A: distributed training, fangs 1, strong nose
a: no special abilities


You were on level 2 of the Dungeon.
You were not hungry.

You visited 1 branch of the dungeon, and saw 2 of its levels.

You collected 57 gold pieces.

Inventory:

Hand Weapons
 a - a +0 short sword (weapon)
 b - a +0 hunting sling
Missiles
 i - 60 stones (quivered)
Armour
 e - a +0 robe
 g - a +2 leather armour of magic resistance (worn)
 j - a +0 hat (worn)
Scrolls
 c - a scroll of magic mapping {unknown}
 h - a scroll of fear {unknown}
 k - a scroll of identify {unknown}
Comestibles
 d - a ration
 f - 3 chunks of flesh


   Skills:
 + Level 0.4 Fighting
 + Level 0.4 Short Blades
 + Level 0.4 Long Blades
 + Level 0.4 Axes
 + Level 0.4 Maces & Flails
 + Level 0.4 Polearms
 + Level 0.4 Staves
 + Level 0.4 Slings
 + Level 0.4 Bows
 + Level 0.4 Crossbows
 + Level 0.4 Throwing
 + Level 0.4 Armour
 + Level 4.5 Dodging
 + Level 4.1 Stealth
 + Level 0.4 Shields
 + Level 0.4 Unarmed Combat
 + Level 7.1 Spellcasting
 + Level 2.0 Conjurations
 + Level 0.2 Hexes
 + Level 0.2 Charms
 + Level 2.0 Summonings
 + Level 0.2 Necromancy
 + Level 2.0 Translocations
 + Level 0.2 Transmutations
 + Level 0.2 Fire Magic
 + Level 0.2 Ice Magic
 + Level 0.2 Air Magic
 + Level 0.2 Earth Magic
 + Level 0.2 Poison Magic
 + Level 0.5 Invocations
 + Level 0.4 Evocations


You had 12 spell levels left.
You knew the following spells:

 Your Spells              Type           Power        Failure   Level  Hunger
a - Magic Dart            Conj           ###.         5%          1    None
b - Call Imp              Summ           ###.....     9%          2    None

Your spell library contained the following spells:

 Spells                   Type           Power        Failure   Level  Hunger
 Blink                    Tloc           N/A          9%          2    None
 Slow                     Hex            #.......     17%         2    None
 Conjure Flame            Conj/Fire      ##......     24%         3    #......
 Mephitic Cloud           Conj/Pois/Air  ##......     26%         3    #......


Dungeon Overview and Level Annotations

Branches:
Dungeon (2/15)

Altars:

Annotations:
D:2 Sigmund


Innate Abilities, Weirdness & Mutations

Your experience applies equally to all skills.
You have very sharp teeth.
Your uncanny sense of smell can sniff out nearby items.


Message History

Your white imp gestures at Sigmund.
The puff of frost hits Sigmund.
You swap places.
Sigmund points at you and mumbles some strange words.
The puff of flame hits your white imp.
Your white imp is burned terribly!
Your white imp dies!
Sigmund gestures at you while chanting. The magic dart hits you!
Casting: Call Imp (safe; 9% risk of failure)
Confirm with . or Enter, or press ? or * to list all spells.
A beastly little devil appears in a puff of frigid air.
Sigmund hits you from afar with a +0 scythe.
Your crimson imp completely misses Sigmund.
Your crimson imp hits Sigmund.
Your crimson imp blinks!
Sigmund closely misses you.
Your crimson imp blinks!
Sigmund hits you from afar with a +0 scythe!
You die...

### ###
#.#######.#
#...5.....#
#.#######.######
#.# #....... #.#
######## ∆ #.#
∆∆ ###@########
#@.5.......#
#....)5....#
#..........#
#..5.......#
#.......<..#
###+########


You could see Sigmund, 2 friendly crimson imps and a friendly white imp.

Vanquished Creatures
  A dart slug (D:1)
  2 goblins (D:1)
  3 hobgoblins
  4 kobolds (D:1)
  A bat (D:1)
  2 rats (D:1)
13 creatures vanquished.

Notes
Turn   | Place    | Note
-------+----------+-------------------------------------------
     0 | D:1      | Iamsoldier the Gnoll Wizard began the quest for the Orb.
     0 | D:1      | Reached XP level 1. HP: 13/13 MP: 8/8
   271 | D:1      | Reached XP level 2. HP: 19/19 MP: 7/10
   791 | D:2      | Noticed Sigmund
   796 | D:2      | Learned a level 2 spell: Call Imp
   837 | D:2      | Slain by Sigmund

Levels and vault maps discovered:
D:1:      wander_arrival_peaceful_grave, layout_basic
D:2:      minmay_chambers_of_twos, layout_basic, hangedman_ru_absence,
          uniq_jessica, uniq_sigmund

Skill      XL: |  1 |
---------------+----+-----
Conjurations   | 2 |  2.0
Summonings     | 2 |  2.0
Translocations | 2 |  2.0
Fighting       | |  0.4
Short Blades   | |  0.4
Long Blades    | |  0.4
Axes           | |  0.4
Maces & Flails | |  0.4
Polearms       | |  0.4
Staves         | |  0.4
Slings         | |  0.4
Bows           | |  0.4
Crossbows      | |  0.4
Throwing       | |  0.4
Armour         | |  0.4
Dodging        | |  4.5
Stealth        | |  4.1
Shields        | |  0.4
Unarmed Combat | |  0.4
Spellcasting   | |  7.1
Hexes          | |  0.2
Charms         | |  0.2
Necromancy     | |  0.2
Transmutations | |  0.2
Fire Magic     | |  0.2
Ice Magic      | |  0.2
Air Magic      | |  0.2
Earth Magic    | |  0.2
Poison Magic   | |  0.2
Invocations    | |  0.5
Evocations     | |  0.4

Action                   || total
-------------------------++-------
 Cast: Magic Dart        ||    24
       Call Imp          ||     6
Armor: Leather armour    ||     1
Dodge: Dodged            ||     2
